 Dungeon Crawl Stone Soup version 0.22.1-1-ga44c0e5 (webtiles) character file.

1106 lysyklops the Covered (level 8, -8/71 HPs)
             Began as a Minotaur Fighter on Sept 22, 2018.
             Killed by nerve-wracking pain
             ... invoked by an orc priest
              (10 damage)
             ... on level 4 of the Dungeon.
             The game lasted 00:07:47 (3392 turns).

lysyklops the Covered (Minotaur Fighter)            Turns: 3392, Time: 00:07:49

Health: -8/71      AC: 13    Str: 23    XL:     8   Next: 11%
Magic:  7/7        EV:  5    Int:  5    God:
Gold:   263        SH: 10    Dex: 10    Spells: 7/7 levels left

rFire    . . .     SeeInvis .   a - +0 long sword
rCold    . . .     Gourm    .   c - +0 shield
rNeg     . . .     Faith    .   p - +0 plate armour
rPois    .         Spirit   .   (helmet restricted)
rElec    .         Reflect  .   (no cloak)
rCorr    .         Harm     .   (no gloves)
MR       .....                  (no boots)
Stlth    ..........             (no amulet)
HPRegen  0.21/turn              (no ring)
MPRegen  0.10/turn              (no ring)

@: no status effects
A: retaliatory headbutt, horns 2
a: no special abilities


You were on level 4 of the Dungeon.
You were not hungry.

You visited 1 branch of the dungeon, and saw 4 of its levels.

You collected 263 gold pieces.

Inventory:

Hand Weapons
 a - a +0 long sword (weapon)
Armour
 c - a +0 shield (worn)
 p - a +0 plate armour (worn)
Jewellery
 s - an uncursed amulet of guardian spirit {unknown}
 u - an uncursed ring of fire
Scrolls
 e - 7 scrolls of identify {unknown}
 g - 3 scrolls of amnesia {unknown}
 h - 3 scrolls of fear {unknown}
 j - 2 scrolls of enchant armour {unknown}
 k - 4 scrolls of remove curse {unknown}
 l - a scroll of immolation {unknown}
 n - 3 scrolls of teleportation {unknown}
 t - a scroll of noise {unknown}
 v - a scroll of enchant weapon {unknown}
Potions
 b - a potion of magic {unknown}
 d - 2 potions of might
 i - 2 potions of curing {unknown}
 m - a potion of heal wounds {unknown}
 o - a potion of flight {unknown}
 q - 2 potions of resistance {unknown}
 r - 2 potions of haste {unknown}
Comestibles
 f - 9 rations


   Skills:
 + Level 6.7 Fighting
 + Level 6.1 Long Blades
 + Level 6.8 Armour
 + Level 6.7 Shields


You had 7 spell levels left.
You didn't know any spells.
Your spell library contained the following spells:

 Spells                   Type           Power        Failure   Level  Hunger
 Animate Skeleton         Necr           N/A          100%        1    ##.....
 Pain                     Necr           #...         100%        1    ##.....
 Regeneration             Chrm/Necr      #.........   100%        3    ####...
 Vampiric Draining        Necr           #.........   100%        3    ####...
 Animate Dead             Necr           N/A          100%        4    #####..


Dungeon Overview and Level Annotations

Branches:
Dungeon (4/15)
 Temple: D:4-7

Altars:
Elyvilon
Ru


Innate Abilities, Weirdness & Mutations

You reflexively headbutt those who attack you in melee.
You have a pair of horns on your head.


Message History

You closely miss the orc priest.
The orc priest is moderately wounded.
The orc priest invokes the aid of Beogh against you.
Beogh smites you!
* * * LOW HITPOINT WARNING * * *
You closely miss the orc priest.
You headbutt the orc priest, but do no damage.
The orc priest is moderately wounded.
The orc priest completely misses you. You block the orc priest's attack.
You barely miss the orc priest. Your headbutt misses the orc priest.
The orc priest is moderately wounded.
You block the orc priest's attack.
You hit the orc priest. You headbutt the orc priest.
The orc priest is severely wounded.
The orc priest calls down the wrath of Beogh upon you.
Beogh smites you!
* * * LOW HITPOINT WARNING * * *
The orc priest mumbles some strange prayers to Beogh against you.
Pain shoots through your body!
You die...

..#..# #.# #..≈..≈.###.#..#
#.##.# #.# #..≈..≈.....#..#
#####.##.##
#.###≈≈≈≈≈≈?....####
......##..####.#....≈..........
.###.............#.....)#####.(
.###.####.####.#.#..........#
................ #..........#
##...###.#.###.###o.........#
.##..# #.#.###..@ooo........#
..#..###.#<.##.####....!....#
..##...#.##.##.# ###########
...#...........#
#..##..#.###.#.# ##..#....#
#...# .#..#....# ##..# ######
##..#....# #..###....#
#..##...## #.>...†...#


You could see 3 orc priests and an orc.

Vanquished Creatures
  Sigmund (D:3)
  Menkaure (D:4)
  A phantom (D:4)
  An ice beast (D:4)
  An ogre (D:4)
  The ghost of Ghost6211 the Shield-Bearer, an amateur OpFi (D:4)
  2 scorpions (D:4)
  A howler monkey (D:4)
  A bullfrog zombie (D:3)
  A hound (D:4)
  2 orc wizards (D:4)
  2 worker ants (D:4)
  A centaur simulacrum (D:4)
  A bullfrog simulacrum (D:4)
  A hound skeleton (D:4)
  4 adders
  A white imp (D:4)
  A worker ant simulacrum (D:4)
  An ooze (D:3)
  An adder skeleton (D:4)
  5 worms
  4 dart slugs
  An adder simulacrum (D:4)
  A leopard gecko (D:2)
  4 orcs
  7 giant cockroaches
  6 goblins
  7 hobgoblins
  6 jackals (D:4)
  3 kobolds
  3 quokkas
  5 bats
  5 frilled lizards
  8 rats
91 creatures vanquished.

Notes
Turn   | Place    | Note
-------+----------+-------------------------------------------
     0 | D:1      | lysyklops the Minotaur Fighter began the quest for the Orb.
     0 | D:1      | Reached XP level 1. HP: 19/19 MP: 0/0
   174 | D:1      | Reached XP level 2. HP: 22/27 MP: 1/1
  1091 | D:2      | Reached XP level 3. HP: 33/33 MP: 2/2
  1951 | D:3      | Reached XP level 4. HP: 40/40 MP: 3/3
  2273 | D:3      | Noticed Sigmund
  2285 | D:3      | Killed Sigmund
  2285 | D:3      | Reached skill level 5 in Fighting
  2285 | D:3      | Reached skill level 5 in Armour
  2285 | D:3      | Reached skill level 5 in Shields
  2285 | D:3      | Reached XP level 5. HP: 40/48 MP: 4/4
  2285 | D:3      | Reached XP level 6. HP: 47/56 MP: 5/5
  2571 | D:4      | Found a white marble altar of Elyvilon.
  2624 | D:4      | Found a runed gate.
  2624 | D:4      | Found a runed gate.
  2633 | D:4      | Found a runed gate.
  2650 | D:4      | Reached skill level 5 in Long Blades
  2650 | D:4      | Reached XP level 7. HP: 50/62 MP: 6/6
  2653 | D:4      | Noticed Ghost6211's ghost (amateur OpFi)
  2701 | D:4      | Killed Ghost6211's ghost
  2977 | D:4      | Noticed Menkaure
  2981 | D:4      | Killed Menkaure
  2981 | D:4      | Reached XP level 8. HP: 42/71 MP: 7/7
  3369 | D:4      | Found a sacrificial altar of Ru.
  3392 | D:4      | HP: 2/71 [orc priest/divine providence (10)]
  3392 | D:4      | Killed from afar by an orc priest

Skill      XL: |  1  2  3  4  5  6  7 |
---------------+----------------------+-----
Fighting       | 4 5 6 |  6.7
Armour         | 4 5 6 |  6.8
Shields        | 4 5 6 |  6.7
Long Blades    | 3 4 5 6 |  6.1

Action                   |  1- 3 |  4- 6 |  7- 9 || total
-------------------------+-------+-------+-------++-------
Melee: Long sword        |    90 |    82 |   111 ||   283
       Headbutt          |    15 |    22 |    19 ||    56
  Eat: Chunk             |     2 |     4 |     2 ||     8
Armor: Scale mail        |    41 |       |       ||    41
       Plate armour      |       |    48 |    49 ||    97
Dodge: Dodged            |    30 |     5 |    13 ||    48
Block: Shield            |    44 |    30 |    55 ||   129
       Rpst.: Long sword |     6 |     2 |     5 ||    13
